 Dungeon Sprint DCSS version 0.32-a0-791-gfc315c9ecd (webtiles) character file.

Game seed: 6569882013936995818

99 wilfster70 the Cleaver (level 4, -1/67 HPs)
             Began as a Minotaur Berserker on Mar 20, 2024.
             Was a Believer of Trog.
             Slain by a centaur (3 damage)
             ... in the Dungeon (Sprint IX: "|||||||||||||||||||||||||||||").
             The game lasted 00:00:26 (37 turns).

wilfster70 the Cleaver (Minotaur Berserker)           Turns: 37, Time: 00:00:27

Health: -1/67      AC:  2    Str: 24    XL:     4   Next: 45%
Magic:  3/3        EV: 11    Int:  4    God:    Trog [**....]
Gold:   0          SH:  0    Dex:  9    Spells: 3/3 levels left

rFire   . . .        a - +0 hand axe
rCold   . . .        (no shield)
rNeg    . . .        b - +0 animal skin
rPois   .            (helmet restricted)
rElec   .            (no cloak)
rCorr   .            (no gloves)
SInv    .            (no boots)
Will    ++...        (no amulet) Stlth
                     (no ring)
HPRegen 1.31/turn    (no ring)
MPRegen 0.08/turn

%: no teleportation
@: berserking (expiring), strong-willed, regenerating, very quick
A: horns 2, retaliatory headbutt
a: Renounce Religion, Berserk, Trog's Hand


You were in the Dungeon.
You worshipped Trog.
Trog was pleased with you.
You visited 1 branch

Inventory:

Hand Weapons
 a - a +0 hand axe (weapon)
Armour
 b - a +0 animal skin (worn)
Scrolls
 h - a scroll of blinking
Potions
 c - a potion of curing
 d - a potion of heal wounds
 e - a potion of haste
 f - 2 potions of magic
 g - a potion of berserk rage


   Skills:
 + Level 6.4 Fighting
 * Level 8.4 Axes
 + Level 5.7 Armour
 - Level 2.1 Dodging


You had 3 spell levels left.
You didn't know any spells.
Your spell library was empty.

Dungeon Overview and Level Annotations

Branches:
Dungeon (1/1)

Altars:


Innate Abilities, Weirdness & Mutations

You have a pair of horns on your head.
You reflexively headbutt those who attack you in melee.


Message History

Your Armour skill gained 2 levels and is now at level 5!
You have reached level 2!
You have reached level 3!
Your experience leads to an increase in your attributes!
Increase (S)trength, (I)ntelligence, or (D)exterity?
You feel stronger. x2
You have reached level 4!
You feel stronger. The shadow imp hits you.
* * * LOW HITPOINT WARNING * * *
There is an open door, spattered with blood here.
You see here a black bear corpse.
You hit the shadow imp.
The shadow imp is lightly wounded.
The shadow imp hits you.
* * * LOW HITPOINT WARNING * * *
You slash the shadow imp!
You kill the shadow imp!
Trog accepts your kill.
The centaur wields a +0 shortbow.
The centaur shoots an arrow.
The arrow hits you.
* * * LOW HITPOINT WARNING * * *
You slash the centaur!
The centaur is moderately wounded.
The centaur unwields a +0 shortbow.
The centaur hits you.
* * * LOW HITPOINT WARNING * * *
The centaur closely misses you.
You hit the centaur. You headbutt the centaur!
The centaur is almost dead.
The centaur misses you. The centaur kicks you.
* * * LOW HITPOINT WARNING * * *
You barely miss the centaur. Your headbutt misses the centaur.
The centaur is almost dead.
The centaur hits you but does no damage.
The centaur kicks you.
* * * LOW HITPOINT WARNING * * *
You hit the centaur.
The centaur is almost dead.
The centaur hits you.
You die...

▓+▓
▓.▓
▓h▓
▓h▓
▓c▓
▓@▓
▓†▓
▓.▓
▓.▓
▓.▓
▓.▓
▓)▓
▓'▓
▓.▓


You could see a black bear, a centaur and a hound.

Vanquished Creatures
  A black bear (D)
  A shadow imp (D)
  2 endoplasms (D)
  A goblin (D)
  A quokka (D)
  A frilled lizard (D)
7 creatures vanquished.

Notes
Turn   | Place    | Note
-------+----------+-------------------------------------------
     0 | D        | wilfster70 the Minotaur Berserker began the quest for the
                  | Orb.
     0 | D        | Reached XP level 1. HP: 19/19 MP: 0/0
     5 | D        | Reached skill level 4 in Axes
    11 | D        | Reached ** piety under Trog
    23 | D        | Noticed a hound
    23 | D        | Noticed a black bear
    23 | D        | Noticed a centaur
    23 | D        | Noticed a black bear
    29 | D        | Killed a black bear
    30 | D        | Reached skill level 8 in Axes
    30 | D        | Reached skill level 5 in Armour
    30 | D        | Reached XP level 2. HP: 8/30 MP: 1/1
    30 | D        | Reached XP level 3. HP: 9/37 MP: 2/2
    30 | D        | Reached XP level 4. HP: 11/44 MP: 3/3
    34 | D        | HP: 2/67 [centaur (4)]
    37 | D        | Slain by a centaur

Illustrated notes

Levels and vault maps discovered:
D:        linesprint [early_d, line_temple, items_1, d_10, items_2, lair_1,
          lair_end, items_3, orc_1, orc_end, items_4, d_15, swamp_1, shoals_1,
          snake_1, spider_1, d_20, vaults_1, items_5, swamp_end, shoals_end,
          snake_end, spider_end, vaults_end, d_27, items_6, zot_1, zot_end,
          crypt_end, forest_end, elf_end, slime_end, tomb_end, abyss_end,
          pan_hell_end]

Skill      XL: |  1 |
---------------+----+-----
Axes           | 8 |  8.4
Fighting       | 6 |  6.4
Armour         | 5 |  5.7
Dodging        | |  2.1

Action                     |  1- 3 |  4- 6 || total
---------------------------+-------+-------++-------
  Melee: Hand axe          |    14 |     6 ||    20
         Headbutt          |     1 |     1 ||     2
 Invoke: Berserk           |     1 |       ||     1
         Trog's Hand       |     1 |       ||     1
 Armour: Animal skin       |    12 |     8 ||    20
  Dodge: Dodged            |     5 |     2 ||     7

Table legend: (Time is in decaauts)
 A = Elapsed time spent in this place.
 B = Non-inter-level travel time spent in this place.
 C = Inter-level travel time spent in this place.
 D = Time resting spent in this place.
 E = Time spent auto-exploring this place.
 F = Levels seen in this place.
 G = Mean time per level.
                   A        B        C        D        E       F      G
               +--------+--------+--------+--------+--------+-----+--------+
         Total |     34 |     34 |      0 |      3 |      0 |   1 |   34.0 |
       Dungeon |     34 |     34 |      0 |      3 |      0 |   1 |   34.0 |
               +--------+--------+--------+--------+--------+-----+--------+

Top non-repeatable levels by time:
       D: 34 daAuts
